 Dungeon Crawl Stone Soup version 0.30.0-29-ga12c61a403 (webtiles) character file.

Game seed: 10202737465493190435

48 Peloso the Shield-Bearer (level 3, 0/33 HPs)
             Began as a Minotaur Fighter on June 25, 2023.
             Slain by a gnoll
             ... wielding a +0 spear
              (1 damage)
             ... on level 2 of the Dungeon.
             The game lasted 00:01:17 (793 turns).

Peloso the Shield-Bearer (Minotaur Fighter)          Turns: 793, Time: 00:01:18

Health: 0/33       AC:  7    Str: 23 (24) XL:     3   Next: 50%
Magic:  2/2        EV:  9    Int:  2 (4)  God:
Gold:   119        SH:  4    Dex: 10      Spells: 2/2 levels left

rFire   . . .        a - +0 long sword
rCold   . . .        c - +0 buckler
rNeg    . . .        b - +0 scale mail
rPois   .            (helmet restricted)
rElec   .            (no cloak)
rCorr   .            (no gloves)
SInv    .            (no boots)
Will    .....        (no amulet) Stlth
                     (no ring)
HPRegen 0.25/turn    (no ring)
MPRegen 0.08/turn

%: no passive effects
@: no status effects
A: horns 2, retaliatory headbutt, strong 1
a: no special abilities


You were on level 2 of the Dungeon.
You visited 1 branch of the dungeon, and saw 2 of its levels.

You collected 119 gold pieces.

Inventory:

Hand Weapons
 a - a +0 long sword (weapon)
Armour
 b - a +0 scale mail (worn)
 c - a +0 buckler (worn)
Scrolls
 e - a scroll of identify {unknown}
 f - a scroll of fear {unknown}
Potions
 d - a potion of might
 h - a potion of curing {unknown}


   Skills:
 + Level 4.0 Fighting
 + Level 3.0 Long Blades
 + Level 4.2 Armour
 + Level 0.4 Dodging
 + Level 4.3 Shields


You had 2 spell levels left.
You didn't know any spells.
Your spell library was empty.

Dungeon Overview and Level Annotations

Branches:
Dungeon (2/15)

Altars:


Innate Abilities, Weirdness & Mutations

You have a pair of horns on your head.
You reflexively headbutt those who attack you in melee.
Your muscles are strong. (Str +4, Int/Dex -1)


Message History

You feel agile. x2
A gnoll comes into view. It is wielding a +0 flail.
Items here: ( ) ? †.
The gnoll shouts!
A gnoll comes into view. It is wielding a +0 spear.
The gnoll barely misses you.
There is an escape hatch in the ceiling here.
The gnoll barely misses you. You furiously retaliate!
You headbutt the gnoll!
You kill the gnoll!
There is a stone staircase leading up here.
The gnoll hits you with a +0 flail! You block the gnoll's attack.
Things that are here:
a +1 heavy spear; a gnoll corpse The gnoll barely misses you.
The gnoll hits you with a +0 spear. The gnoll attacks as you move away!
The gnoll hits you with a +0 flail. The gnoll hits you but does no damage.
Unknown command.
The gnoll hits you with a +0 flail. The gnoll hits you with a +0 spear.
The gnoll attacks as you move away! You block the gnoll's attack.
The gnoll hits you but does no damage.
You hit the gnoll but do no damage. The gnoll completely misses you.
The gnoll closely misses you.
You hit the gnoll.
The gnoll is lightly wounded.
The gnoll hits you but does no damage.
The gnoll hits you from afar with a +0 spear.
The gnoll hits you with a +0 flail!
* * * LOW HITPOINT WARNING * * *
The gnoll hits you but does no damage.
You slash the gnoll! You headbutt the gnoll.
You kill the gnoll!
The gnoll closely misses you.
You feel your dexterity returning.
Your Long Blades skill increases to level 3!
The gnoll hits you from afar with a +0 spear.
* * * LOW HITPOINT WARNING * * *
Things that are here:
a +0 flail; a gnoll corpse The gnoll hits you from afar with a +0 spear.
You die...

####### ####
######.....#
....#######..........###
.......(................
.....##)###..........###
.........##########'##
...(..#<..# #.#
.......<..# #.#
.......@).# ...
....#.....# ...
........g.# .....
.####.......... ##### #
+.....##### # #...##.. #
#...# ... # #...# .....
# #...# ..... .. #


You could see a gnoll.

Vanquished Creatures
  2 gnolls (D:2)
  An adder (D:2)
  A worm (D:2)
  A dart slug (D:1)
  A bat (D:1)
  2 endoplasms
  2 hobgoblins (D:1)
  3 kobolds
  A quokka (D:1)
  2 rats (D:1)
16 creatures vanquished.

Notes
Turn   | Place    | Note
-------+----------+-------------------------------------------
     0 | D:1      | Peloso the Minotaur Fighter began the quest for the Orb.
     0 | D:1      | Reached XP level 1. HP: 19/19 MP: 0/0
   215 | D:1      | Reached XP level 2. HP: 27/27 MP: 1/1
   623 | D:1      | Gained mutation: Your muscles are strong. (Str +4, Int/Dex
                  | -1) [potion of mutation]
   780 | D:2      | Reached XP level 3. HP: 32/33 MP: 2/2
   792 | D:2      | HP: 1/33 [gnoll/+0 spear (6)]
   793 | D:2      | Slain by a gnoll

Illustrated notes

Levels and vault maps discovered:
D:1:      spicycebolla_arrival_clurvy, layout_loops_ring
D:2:      layout_basic, minmay_shallow_snake_nest

Skill      XL: |  1  2  3 |
---------------+----------+-----
Armour         | 4 |  4.2
Fighting       | 4 |  4.0
Shields        | 4 |  4.3
Long Blades    | 3 |  3.0
Dodging        | |  0.4

Action                     || total
---------------------------++-------
  Melee: Long sword        ||    33
         Headbutt          ||     7
    Use: Potion            ||     2
         Scroll            ||     1
 Armour: Scale mail        ||    17
  Dodge: Dodged            ||    23
  Block: Buckler           ||     6
